EVO
UNIVERSITY OF ARIZONA WILDCATS @ UNIVERSITY OF SOUTH CAROLINA GAMECOCKS
07/11/2049
 
TOP OF THE 1ST
University of Arizona Wildcats batting - Pitching for University of South Carolina Gamecocks : RHP Jabari Gatewood
Pitching: RHP Jabari Gatewood
Batting: LHB Jere Paatelainen 0-0: Ball
1-0: Called Strike
1-1: Swinging Strike
1-2: Foul Ball, location: 2F
1-2: Ball
2-2: Foul Ball, location: 2F
2-2: Ground out 5-3 (Groundball, 56, EV 105.6 MPH)
Batting: LHB Pascal Noël 0-0: Ball
1-0: Ball
2-0: Ground out 6-3 (Groundball, 6M, EV 100.6 MPH)
Batting: RHB Ron Dondale 0-0: Ball
1-0: Ball
2-0: Called Strike
2-1: Ground out 3-1 (Groundball, 34, EV 76.2 MPH)
Top of the 1st over - 0 runs, 0 hits, 0 errors, 0 left on base; University of Arizona 0 - University of South Carolina 0
BOTTOM OF THE 1ST
University of South Carolina Gamecocks batting - Pitching for University of Arizona Wildcats : RHP Bernie Rae
Pitching: RHP Bernie Rae
Batting: RHB Justin Kurutz 0-0: Ball
1-0: Called Strike
1-1: Ball
2-1: Foul Ball, location: 2F
2-2: Foul Ball, location: 2F
2-2: Strikes out swinging
Batting: LHB Bert Webster 0-0: Ball
1-0: Fly out, F7 (Flyball, 7S, EV 90.6 MPH)
Batting: RHB Brian Passalacqua 0-0: Ball
1-0: Called Strike
1-1: Ball
2-1: Ball
3-1: Fly out, F8 (Flyball, 8LD, EV 98.8 MPH)
Bottom of the 1st over - 0 runs, 0 hits, 0 errors, 0 left on base; University of Arizona 0 - University of South Carolina 0
TOP OF THE 2ND
University of Arizona Wildcats batting - Pitching for University of South Carolina Gamecocks : RHP Jabari Gatewood
Batting: LHB Gerald Thornton 0-0: Called Strike
0-1: Foul Ball, location: 2F
0-2: Foul Ball, location: 2F
0-2: Foul Ball, location: 2F
0-2: Ball
1-2: Ball
2-2: Ball
3-2: Fly out, F9 (Flyball, 9, EV 81.9 MPH)
Batting: RHB Ricardo Fernandez 0-0: Called Strike
0-1: Ball
1-1: Swinging Strike
1-2: Ball
2-2: Foul Ball, location: 2F
2-2: Foul Ball, location: 2F
2-2: SOLO HOME RUN (Flyball, 7LD, EV 99.4 MPH), Distance : 366 ft
Batting: SHB Pat Kidd 0-0: Fly out, F9 (Flyball, 9, EV 80.0 MPH)
Batting: RHB Larry Harlow 0-0: Ball
1-0: Called Strike
1-1: Called Strike
1-2: Foul Ball, location: 2F
1-2: Strikes out looking
Top of the 2nd over - 1 run, 1 hit, 0 errors, 0 left on base; University of Arizona 1 - University of South Carolina 0
BOTTOM OF THE 2ND
University of South Carolina Gamecocks batting - Pitching for University of Arizona Wildcats : RHP Bernie Rae
Batting: LHB David Fowler 0-0: Ball
1-0: Ball
2-0: Called Strike
2-1: Foul Ball, location: 2F
2-2: Ball
3-2: Foul Ball, location: 2F
3-2: Base on Balls
Batting: RHB Phil Hanley 0-0: Called Strike
0-1: Ball
1-1: Foul Ball, location: 2F
1-2: Ball
2-2: Ball
3-2: Fly out, F9 (Flyball, 9D, EV 108.8 MPH)
Batting: RHB Lance Neldon 0-0: Ball
1-0: Ball
2-0: Fly out, F7 (Flyball, 78M, EV 93.1 MPH)
Batting: RHB Ben Turner 0-0: Ball
1-0: Ball
2-0: Swinging Strike
2-1: Foul Ball, location: 2F
2-2: Ground out 4-3 (Groundball, 34S, EV 85.6 MPH)
Bottom of the 2nd over - 0 runs, 0 hits, 0 errors, 1 left on base; University of Arizona 1 - University of South Carolina 0
TOP OF THE 3RD
University of Arizona Wildcats batting - Pitching for University of South Carolina Gamecocks : RHP Jabari Gatewood
Batting: RHB Mark Walters 0-0: Called Strike
0-1: Ball
1-1: Ground out U3 (Groundball, 3L, EV 81.9 MPH)
Batting: SHB George Grace 0-0: Swinging Strike
0-1: Called Strike
0-2: Ball
1-2: Strikes out swinging
Batting: LHB Jere Paatelainen 0-0: Called Strike
0-1: Ball
1-1: Called Strike
1-2: Ball
2-2: Foul Ball, location: 2F
2-2: Foul Ball, location: 2F
2-2: Ball
3-2: SINGLE (Groundball, P, EV 93.8 MPH) (infield hit)
Batting: LHB Pascal Noël 0-0: Ball
Jere Paatelainen steals 2nd base
1-0: Ball
2-0: Ball
3-0: Called Strike
3-1: SINGLE (Groundball, 34D, EV 105.6 MPH)
Jere Paatelainen to third
Runner from 3rd tries for Home, SAFE, throw by RF to home
Pascal Noël to second
Batting: RHB Ron Dondale 0-0: SINGLE (Flyball, 6D, EV 90.0 MPH)
Pascal Noël to third
Runner from 3rd tries for Home, SAFE, throw by CF to home
Batting: LHB Gerald Thornton 0-0: Ball
1-0: Fly out, F4 (Line Drive, 4, EV 68.8 MPH)
Top of the 3rd over - 2 runs, 3 hits, 0 errors, 1 left on base; University of Arizona 3 - University of South Carolina 0
BOTTOM OF THE 3RD
University of South Carolina Gamecocks batting - Pitching for University of Arizona Wildcats : RHP Bernie Rae
Batting: RHB Abel Wensink 0-0: Foul Ball, location: 2F
0-1: Ball
1-1: Ball
2-1: Swinging Strike
2-2: Strikes out swinging
Batting: RHB Jonathan Long 0-0: Ball
1-0: Ground out 1-3 (Groundball, 34S, EV 65.6 MPH)
Batting: RHB Justin Kurutz 0-0: Foul Ball, location: 2F
0-1: Ball
1-1: Swinging Strike
1-2: Foul Ball, location: 2F
1-2: Ball
2-2: Ball
3-2: Ground out 6-3 (Groundball, 4M, EV 98.8 MPH)
Bottom of the 3rd over - 0 runs, 0 hits, 0 errors, 0 left on base; University of Arizona 3 - University of South Carolina 0
TOP OF THE 4TH
University of Arizona Wildcats batting - Pitching for University of South Carolina Gamecocks : RHP Jabari Gatewood
Batting: RHB Ricardo Fernandez 0-0: Called Strike
0-1: DOUBLE (Line Drive, 89D, EV 101.9 MPH)
Batting: SHB Pat Kidd 0-0: Ball
1-0: Ball
Wild Pitch!
Ricardo Fernandez to third
2-0: SINGLE (Groundball, 56D, EV 97.5 MPH)
Ricardo Fernandez scores
Batting: RHB Larry Harlow 0-0: Ball
1-0: Called Strike
1-1: SINGLE (Groundball, 6MD, EV 107.5 MPH)
Pat Kidd to second
Batting: RHB Mark Walters 0-0: Ball
1-0: Ball
2-0: Called Strike
2-1: Fly out, F8 (Flyball, 8LM, EV 95.0 MPH)
Batting: SHB George Grace 0-0: Ball
1-0: Ball
2-0: Ball
3-0: Called Strike
3-1: Called Strike
3-2: Strikes out looking
Batting: LHB Jere Paatelainen 0-0: Fly out, F1 (Popup, 15, EV 76.9 MPH)
Top of the 4th over - 1 run, 3 hits, 0 errors, 2 left on base; University of Arizona 4 - University of South Carolina 0
BOTTOM OF THE 4TH
University of South Carolina Gamecocks batting - Pitching for University of Arizona Wildcats : RHP Bernie Rae
Batting: LHB Bert Webster 0-0: Called Strike
0-1: Ball
1-1: Fly out, F8 (Flyball, 8RXD, EV 99.4 MPH)
Batting: RHB Brian Passalacqua 0-0: Called Strike
0-1: Ball
1-1: SINGLE (Line Drive, 5D, EV 98.8 MPH)
Batting: LHB David Fowler 0-0: Ball
1-0: DOUBLE (Line Drive, 89XD, EV 114.4 MPH)
Brian Passalacqua to third
Batting: RHB Phil Hanley 0-0: Ball
1-0: Called Strike
1-1: Foul Ball, location: 2F
1-2: Strikes out swinging
Batting: RHB Lance Neldon 0-0: Ball
1-0: Fly out, F7 (Flyball, 7D, EV 96.2 MPH)
Bottom of the 4th over - 0 runs, 2 hits, 0 errors, 2 left on base; University of Arizona 4 - University of South Carolina 0
TOP OF THE 5TH
University of Arizona Wildcats batting - Pitching for University of South Carolina Gamecocks : RHP Jabari Gatewood
Pitching: LHP Cris Duran
Now in CF: Abel Wensink
Now in RF: Jörg Young
Batting: LHB Pascal Noël 0-0: SOLO HOME RUN (Flyball, 9D, EV 95.6 MPH), Distance : 368 ft
Batting: RHB Ron Dondale 0-0: Ball
1-0: Ball
2-0: Called Strike
2-1: Ball
3-1: Foul Ball, location: 2F
3-2: Base on Balls
Pinch Hitting: LHB Kevin Verret 0-0: Fielders Choice at 2nd, 4-6 (Groundball, 4D, EV 86.9 MPH)
Batting: RHB Ricardo Fernandez 0-0: Called Strike
0-1: Ball
1-1: Called Strike
1-2: Foul Ball, location: 2F
1-2: Fly out, F3 (Popup, 3S, EV 82.5 MPH)
Pinch Hitting: LHB Lihau Keawe 0-0: Foul Ball, location: 2F
0-1: Ball
1-1: Called Strike
1-2: Ground out U3 (Groundball, 3L, EV 104.4 MPH)
Top of the 5th over - 1 run, 1 hit, 0 errors, 1 left on base; University of Arizona 5 - University of South Carolina 0
BOTTOM OF THE 5TH
University of South Carolina Gamecocks batting - Pitching for University of Arizona Wildcats : RHP Bernie Rae
Now in LF: Lihau Keawe
Now in RF: Kevin Verret
Batting: RHB Ben Turner 0-0: Ball
1-0: Called Strike
1-1: Ball
2-1: Swinging Strike
2-2: Ball
3-2: Foul Ball, location: 2F
3-2: Foul Ball, location: 2F
3-2: Ground out 4-3 (Groundball, 4, EV 85.6 MPH)
Batting: RHB Abel Wensink 0-0: SINGLE (Line Drive, 78M, EV 96.9 MPH)
Batting: RHB Jonathan Long 0-0: Called Strike
Abel Wensink steals 2nd base
0-1: Ball
1-1: SINGLE (Groundball, 4D, EV 106.2 MPH)
Abel Wensink to third
Runner from 3rd tries for Home, SAFE, throw by CF to home
Batting: RHB Justin Kurutz 0-0: Foul Ball, location: 2F
0-1: Called Strike
0-2: Strikes out looking
Batting: LHB Bert Webster 0-0: Called Strike
0-1: Ball
1-1: Ground out 4-3 (Groundball, 4S, EV 83.8 MPH)
Bottom of the 5th over - 1 run, 2 hits, 0 errors, 1 left on base; University of Arizona 5 - University of South Carolina 1
TOP OF THE 6TH
University of Arizona Wildcats batting - Pitching for University of South Carolina Gamecocks : LHP Cris Duran
Pitching: RHP Nelson Knopp
Batting: RHB Larry Harlow 0-0: Foul Ball, location: 2F
0-1: Reached on error, E1 (Groundball, 13S, EV 60.6 MPH)
Pinch Hitting: RHB Eddy Amaya 0-0: Called Strike
0-1: Called Strike
0-2: Strikes out swinging
Batting: LHB Victor Silva 0-0: Foul Ball, location: 2F
0-1: Ball
Wild Pitch!
Larry Harlow to third
1-1: Ball
2-1: Swinging Strike
2-2: Strikes out swinging
Batting: LHB Jere Paatelainen 0-0: Ball
1-0: Ball
2-0: Swinging Strike
2-1: Foul Ball, location: 2F
2-2: Strikes out swinging
Top of the 6th over - 0 runs, 0 hits, 1 error, 1 left on base; University of Arizona 5 - University of South Carolina 1
BOTTOM OF THE 6TH
University of South Carolina Gamecocks batting - Pitching for University of Arizona Wildcats : RHP Bernie Rae
Pitching: RHP Rogelio Chavez
Now at 1B: Eddy Amaya
Pinch Hitting: RHB Keith Lynch 0-0: Ground out 6-3 (Groundball, 6, EV 83.8 MPH)
Batting: LHB Chris McNay 0-0: Ball
1-0: Called Strike
1-1: Ball
2-1: SINGLE (Line Drive, 78S, EV 92.5 MPH)
Batting: LHB Jörg Young 0-0: Ball
Chris McNay steals 2nd base
1-0: Called Strike
1-1: Ball
2-1: Called Strike
2-2: Ball
3-2: Foul Ball, location: 2F
3-2: Base on Balls
Pinch Hitting: RHB Joel Bany 0-0: Ball
1-0: Foul Ball, location: 2F
1-1: Ball
2-1: Swinging Strike
2-2: Strikes out swinging
Batting: RHB Ben Turner 0-0: Ball
1-0: Ball
2-0: Called Strike
2-1: Called Strike
2-2: Ball
3-2: Foul Ball, location: 2F
3-2: Strikes out looking
Bottom of the 6th over - 0 runs, 1 hit, 0 errors, 2 left on base; University of Arizona 5 - University of South Carolina 1
TOP OF THE 7TH
University of Arizona Wildcats batting - Pitching for University of South Carolina Gamecocks : RHP Nelson Knopp
Pitching: RHP Carey Yarn
Now at C: Pete Fitchett
Now at 1B: Joel Bany
Now at 2B: Danny Narvaez
Now at 3B: Keith Lynch
Batting: LHB Pascal Noël 0-0: Ball
1-0: Ball
2-0: Ball
3-0: Called Strike
3-1: Base on Balls
Batting: RHB Ron Dondale 0-0: Ball
1-0: Foul Ball, location: 2F
1-1: Ball
2-1: Fly out, F8 (Flyball, 8RS, EV 78.1 MPH)
Batting: LHB Kevin Verret 0-0: Fly out, F7 (Flyball, 7, EV 88.1 MPH)
Batting: RHB Ricardo Fernandez 0-0: Ball
1-0: Ball
2-0: Called Strike
2-1: Swinging Strike
2-2: Foul Ball, location: 2F
2-2: Foul Ball, location: 2F
2-2: Ball
3-2: Ground out 6-3 (Groundball, 6, EV 103.8 MPH)
Top of the 7th over - 0 runs, 0 hits, 0 errors, 1 left on base; University of Arizona 5 - University of South Carolina 1
BOTTOM OF THE 7TH
University of South Carolina Gamecocks batting - Pitching for University of Arizona Wildcats : RHP Rogelio Chavez
Pitching: LHP Jamal Jeter
Batting: RHB Abel Wensink 0-0: Ball
1-0: Foul Ball, location: 2F
1-1: Ball
2-1: Called Strike
2-2: Ball
3-2: Strikes out swinging
Batting: RHB Danny Narvaez 0-0: Called Strike
0-1: Ball
1-1: Ball
2-1: Ball
3-1: Base on Balls
Pinch Hitting: LHB Gregg Burchett 0-0: Called Strike
0-1: Fly out, F3 (Popup, 23F, EV 87.5 MPH)
Batting: LHB Pete Fitchett 0-0: Ball
1-0: Ball
2-0: Called Strike
2-1: Foul Ball, location: 2F
2-2: Strikes out swinging
Bottom of the 7th over - 0 runs, 0 hits, 0 errors, 1 left on base; University of Arizona 5 - University of South Carolina 1
TOP OF THE 8TH
University of Arizona Wildcats batting - Pitching for University of South Carolina Gamecocks : RHP Carey Yarn
Pitching: RHP Jop van Grootveld
Now in LF: Jörg Young
Now in RF: Gregg Burchett
Batting: LHB Lihau Keawe 0-0: Ball
1-0: Foul Ball, location: 2F
1-1: Fly out, F7 (Flyball, 78M, EV 93.1 MPH)
Batting: RHB Larry Harlow 0-0: Called Strike
0-1: Ball
1-1: Ball
2-1: Foul Ball, location: 2F
2-2: Ball
3-2: Strikes out looking
Batting: RHB Eddy Amaya 0-0: Ball
1-0: Ball
2-0: Called Strike
2-1: Swinging Strike
2-2: Strikes out swinging
Top of the 8th over - 0 runs, 0 hits, 0 errors, 0 left on base; University of Arizona 5 - University of South Carolina 1
BOTTOM OF THE 8TH
University of South Carolina Gamecocks batting - Pitching for University of Arizona Wildcats : LHP Jamal Jeter
Pitching: RHP Steve Wiest
Batting: RHB Keith Lynch 0-0: Foul Ball, location: 2F
0-1: Ball
1-1: Called Strike
1-2: Foul Ball, location: 2F
1-2: Ball
2-2: Ground out 5-3 (Groundball, 56, EV 101.2 MPH)
Batting: LHB Chris McNay 0-0: Called Strike
0-1: Foul Ball, location: 2F
0-2: Ball
1-2: Ball
2-2: Ball
3-2: Fly out, F8 (Flyball, 8LXD, EV 88.8 MPH)
Batting: LHB Jörg Young 0-0: Called Strike
0-1: Foul Ball, location: 2F
0-2: SINGLE (Line Drive, 34D, EV 103.1 MPH)
Pinch Hitting: LHB Bob Conway 0-0: Ball
1-0: Swinging Strike
1-1: Fly out, F9 (Flyball, 89S, EV 86.2 MPH)
Bottom of the 8th over - 0 runs, 1 hit, 0 errors, 1 left on base; University of Arizona 5 - University of South Carolina 1
TOP OF THE 9TH
University of Arizona Wildcats batting - Pitching for University of South Carolina Gamecocks : RHP Jop van Grootveld
Pitching: LHP Juichi Tanaka
Now at 1B: Keith Mihas
Batting: LHB Victor Silva 0-0: Foul Ball, location: 2F
0-1: Ball
1-1: Called Strike
1-2: Strikes out swinging
Batting: LHB Jere Paatelainen 0-0: Called Strike
0-1: Foul Ball, location: 2F
0-2: Ball
1-2: SINGLE (Groundball, 23, EV 69.4 MPH) (infield hit)
Batting: LHB Pascal Noël 0-0: Called Strike
0-1: Called Strike
0-2: Ball
1-2: Ball
2-2: Fly out, F3 (Line Drive, 3, EV 68.8 MPH)
Batting: RHB Ron Dondale 0-0: Ball
1-0: Foul Ball, location: 2F
1-1: Ball
2-1: Ball
3-1: Swinging Strike
3-2: Base on Balls
Jere Paatelainen to second
Batting: LHB Kevin Verret 0-0: Foul Ball, location: 2F
0-1: Ground out 4-3 (Groundball, 4, EV 88.8 MPH)
Top of the 9th over - 0 runs, 1 hit, 0 errors, 2 left on base; University of Arizona 5 - University of South Carolina 1
BOTTOM OF THE 9TH
University of South Carolina Gamecocks batting - Pitching for University of Arizona Wildcats : RHP Steve Wiest
Pitching: RHP Tristen Brown
Batting: RHB Ben Turner 0-0: Foul Ball, location: 2F
0-1: Ball
1-1: Ground out 5-3 (Groundball, 56, EV 101.2 MPH)
Batting: RHB Abel Wensink 0-0: Called Strike
0-1: Ball
1-1: Ball
2-1: Called Strike
2-2: Fly out, F3 (Popup, 3S, EV 71.2 MPH)
Batting: RHB Danny Narvaez 0-0: Ball
1-0: Called Strike
1-1: Foul Ball, location: 2F
1-2: Strikes out swinging
Bottom of the 9th over - 0 runs, 0 hits, 0 errors, 0 left on base; University of Arizona 5 - University of South Carolina 1
Sunday, July 16th , 2023 - OOTP Baseball 24.6 Build 69